%YAML 1.1
%TAG !u! tag:unity3d.com,2011:
--- !u!1001 &100100000
Prefab:
  m_ObjectHideFlags: 1
  serializedVersion: 2
  m_Modification:
    m_TransformParent: {fileID: 0}
    m_Modifications: []
    m_RemovedComponents: []
  m_ParentPrefab: {fileID: 0}
  m_RootGameObject: {fileID: 1006237800664780}
  m_IsPrefabParent: 1
--- !u!1 &1006237800664780
GameObject:
  m_ObjectHideFlags: 0
  m_PrefabParentObject: {fileID: 0}
  m_PrefabInternal: {fileID: 100100000}
  serializedVersion: 5
  m_Component:
  - component: {fileID: 4961432591023052}
  - component: {fileID: 20433770667535586}
  - component: {fileID: 124007119993091236}
  - component: {fileID: 81454654551196196}
  - component: {fileID: 167569697063774818}
  - component: {fileID: 114134349840705650}
  - component: {fileID: 114282299273667702}
  - component: {fileID: 114531637227807336}
  - component: {fileID: 114938748036514182}
  - component: {fileID: 114379124310819610}
  - component: {fileID: 114670408455710722}
  m_Layer: 2
  m_Name: Main Camera
  m_TagString: MainCamera
  m_Icon: {fileID: 0}
  m_NavMeshLayer: 0
  m_StaticEditorFlags: 0
  m_IsActive: 1
--- !u!4 &4961432591023052
Transform:
  m_ObjectHideFlags: 1
  m_PrefabParentObject: {fileID: 0}
  m_PrefabInternal: {fileID: 100100000}
  m_GameObject: {fileID: 1006237800664780}
  m_LocalRotation: {x: 0, y: 0, z: 0, w: 1}
  m_LocalPosition: {x: 0, y: 0, z: 0}
  m_LocalScale: {x: 1, y: 1, z: 1}
  m_Children: []
  m_Father: {fileID: 0}
  m_RootOrder: 0
  m_LocalEulerAnglesHint: {x: 0, y: 0, z: 0}
--- !u!20 &20433770667535586
Camera:
  m_ObjectHideFlags: 1
  m_PrefabParentObject: {fileID: 0}
  m_PrefabInternal: {fileID: 100100000}
  m_GameObject: {fileID: 1006237800664780}
  m_Enabled: 1
  serializedVersion: 2
  m_ClearFlags: 1
  m_BackGroundColor: {r: 0, g: 0, b: 0, a: 0}
  m_NormalizedViewPortRect:
    serializedVersion: 2
    x: 0
    y: 0
    width: 1
    height: 1
  near clip plane: 0.1
  far clip plane: 5000
  field of view: 40
  orthographic: 0
  orthographic size: 10
  m_Depth: -1
  m_CullingMask:
    serializedVersion: 2
    m_Bits: 4294967263
  m_RenderingPath: 3
  m_TargetTexture: {fileID: 0}
  m_TargetDisplay: 0
  m_TargetEye: 3
  m_HDR: 1
  m_AllowMSAA: 0
  m_AllowDynamicResolution: 1
  m_ForceIntoRT: 1
  m_OcclusionCulling: 1
  m_StereoConvergence: 10
  m_StereoSeparation: 0.022
--- !u!81 &81454654551196196
AudioListener:
  m_ObjectHideFlags: 1
  m_PrefabParentObject: {fileID: 0}
  m_PrefabInternal: {fileID: 100100000}
  m_GameObject: {fileID: 1006237800664780}
  m_Enabled: 1
--- !u!114 &114134349840705650
MonoBehaviour:
  m_ObjectHideFlags: 1
  m_PrefabParentObject: {fileID: 0}
  m_PrefabInternal: {fileID: 100100000}
  m_GameObject: {fileID: 1006237800664780}
  m_Enabled: 1
  m_EditorHideFlags: 0
  m_Script: {fileID: 11500000, guid: 76854d6817200e341958f24b2f031e28, type: 3}
  m_Name: 
  m_EditorClassIdentifier: 
  distanceFog: 1
  excludeFarPixels: 0
  useRadialDistance: 1
  heightFog: 1
  height: 0
  heightDensity: 0.001
  startDistance: 0
  maxDensity: 0.999
  energyLoss: 9
  fogTint: {r: 0, g: 0, b: 0, a: 1}
  fogShader: {fileID: 4800000, guid: f796635016f0e5340b3c4cba03dbeb2f, type: 3}
  setGlobalSettings: 1
  fogColor: {r: 0, g: 0, b: 0, a: 1}
  fogMode: 3
  fogDensity: 0.006666
  fogStart: 0
  fogEnd: 300
  fogRT: {fileID: 0}
--- !u!114 &114282299273667702
MonoBehaviour:
  m_ObjectHideFlags: 1
  m_PrefabParentObject: {fileID: 0}
  m_PrefabInternal: {fileID: 100100000}
  m_GameObject: {fileID: 1006237800664780}
  m_Enabled: 1
  m_EditorHideFlags: 0
  m_Script: {fileID: 11500000, guid: f1ce05720998171408336a720488618c, type: 3}
  m_Name: 
  m_EditorClassIdentifier: 
  _threshold: 0
  _softKnee: 0.5
  _radius: 7
  _blurWeight: 100
  _intensity: 1
  _highQuality: 1
  _antiFlicker: 1
  _fadeRamp: {fileID: 2800000, guid: de0b4f48d7500ea4991cf90492adcb8e, type: 3}
  _blurTint: {r: 1, g: 1, b: 1, a: 1}
  _shader: {fileID: 0}
--- !u!114 &114379124310819610
MonoBehaviour:
  m_ObjectHideFlags: 1
  m_PrefabParentObject: {fileID: 0}
  m_PrefabInternal: {fileID: 100100000}
  m_GameObject: {fileID: 1006237800664780}
  m_Enabled: 1
  m_EditorHideFlags: 0
  m_Script: {fileID: 11500000, guid: 72ece51f2901e7445ab60da3685d6b5f, type: 3}
  m_Name: 
  m_EditorClassIdentifier: 
  m_ShowDebugText: 0
  m_ShowCameraFrustum: 1
  m_IgnoreTimeScale: 0
  m_WorldUpOverride: {fileID: 0}
  m_UpdateMethod: 2
  m_DefaultBlend:
    m_Style: 1
    m_Time: 2
  m_CustomBlends: {fileID: 0}
  m_CameraCutEvent:
    m_PersistentCalls:
      m_Calls: []
    m_TypeName: Cinemachine.CinemachineBrain+BrainEvent, Assembly-CSharp, Version=0.0.0.0,
      Culture=neutral, PublicKeyToken=null
  m_CameraActivatedEvent:
    m_PersistentCalls:
      m_Calls: []
    m_TypeName: Cinemachine.CinemachineBrain+VcamEvent, Assembly-CSharp, Version=0.0.0.0,
      Culture=neutral, PublicKeyToken=null
--- !u!114 &114531637227807336
MonoBehaviour:
  m_ObjectHideFlags: 1
  m_PrefabParentObject: {fileID: 0}
  m_PrefabInternal: {fileID: 100100000}
  m_GameObject: {fileID: 1006237800664780}
  m_Enabled: 1
  m_EditorHideFlags: 0
  m_Script: {fileID: 11500000, guid: f35c02a2c6230584391703bf32006791, type: 3}
  m_Name: 
  m_EditorClassIdentifier: 
  m_DebugShader: {fileID: 4800000, guid: 91e29ad407521e447a7254f5c1ea9b54, type: 3}
  m_ShadowmapShader: {fileID: 4800000, guid: 2c4cd42b134f7864fa579350e9cf6896, type: 3}
  m_InjectLightingAndDensity: {fileID: 7200000, guid: 55812fd61bd54104aa23612fc28bfeb8,
    type: 3}
  m_Scatter: {fileID: 7200000, guid: 2a7c01c2354d03a4e9c31096bf130b6a, type: 3}
  m_ApplyToOpaqueShader: {fileID: 4800000, guid: 6f73df8e11615074dbf62a3a384af521,
    type: 3}
  m_BlurShadowmapShader: {fileID: 4800000, guid: 701192b62a7678549918bc87434699fe,
    type: 3}
  m_Noise: {fileID: 2800000, guid: 35eb47181d630134c97488476efbda59, type: 3}
  m_Debug: 0
  m_Z: 1
  m_NearClip: 0.1
  m_FarClipMax: 90
  m_GlobalDensityMult: 1
  m_ConstantFog: 9
  m_HeightFogAmount: 0
  m_HeightFogExponent: 0
  m_HeightFogOffset: 0
  m_NoiseFogAmount: 0.333
  m_NoiseFogScale: 0.111
  m_Wind: {fileID: 0}
  m_Anisotropy: 0.111
  m_GlobalIntensityMult: 1
  m_AmbientLightIntensity: 0.111
  m_AmbientLightColor: {r: 0.28676468, g: 1, b: 0.76389456, a: 1}
--- !u!114 &114670408455710722
MonoBehaviour:
  m_ObjectHideFlags: 1
  m_PrefabParentObject: {fileID: 0}
  m_PrefabInternal: {fileID: 100100000}
  m_GameObject: {fileID: 1006237800664780}
  m_Enabled: 1
  m_EditorHideFlags: 0
  m_Script: {fileID: 11500000, guid: ce2b69162f4dc3e44a6cfe3f838441fc, type: 3}
  m_Name: 
  m_EditorClassIdentifier: 
  itsInstanceID: 0
  itsGameobject: {fileID: 0}
  itsGameobjectID: 0
  itsTransform: {fileID: 0}
  itsChildCount: 0
  itsTransformID: 0
  itsPosition: {x: 0, y: 0, z: 0}
  its2DPosition: {x: 0, y: 0}
  itsLocalPosition: {x: 0, y: 0, z: 0}
  its2DLocalPosition: {x: 0, y: 0}
  itsRotation: {x: 0, y: 0, z: 0, w: 0}
  itsYaw: {x: 0, y: 0, z: 0, w: 0}
  itsPitch: {x: 0, y: 0, z: 0, w: 0}
  itsRoll: {x: 0, y: 0, z: 0, w: 0}
  itsLocalRotation: {x: 0, y: 0, z: 0, w: 0}
  itsLocalYaw: {x: 0, y: 0, z: 0, w: 0}
  itsLocalPitch: {x: 0, y: 0, z: 0, w: 0}
  itsLocalRoll: {x: 0, y: 0, z: 0, w: 0}
  itsEulerRotation: {x: 0, y: 0, z: 0}
  itsYawEulerRotation: {x: 0, y: 0, z: 0}
  itsPitchEulerRotation: {x: 0, y: 0, z: 0}
  itsRollEulerRotation: {x: 0, y: 0, z: 0}
  itsEulerLocalRotation: {x: 0, y: 0, z: 0}
  itsYawEulerLocalRotation: {x: 0, y: 0, z: 0}
  itsPitchEulerLocalRotation: {x: 0, y: 0, z: 0}
  itsRollEulerLocalRotation: {x: 0, y: 0, z: 0}
  itsForward: {x: 0, y: 0, z: 0}
  itsRight: {x: 0, y: 0, z: 0}
  itsUp: {x: 0, y: 0, z: 0}
  hasRigidbody: 0
  itsRigidbody: {fileID: 0}
  itsRigidbodyID: 0
  itsCenterOfMass: {x: 0, y: 0, z: 0}
  itsVelocity: {x: 0, y: 0, z: 0}
  itsAngularVelocity: {x: 0, y: 0, z: 0}
  hasColliders: 0
  itsColliders: []
  itsCollidersIDs: 
  amountOfColliders: 0
  hasTriggers: 0
  itsTriggers: []
  itsTriggersIDs: 
  amountOfTriggers: 0
  hasAnimator: 0
  itsAnimator: {fileID: 0}
  itsAnimatorID: 0
  hasNavmeshAgent: 0
  itsNavmeshAgent: {fileID: 0}
  itsNavMeshAgentID: 0
  cameraOffset: {x: 0, y: 6, z: -18}
--- !u!114 &114938748036514182
MonoBehaviour:
  m_ObjectHideFlags: 1
  m_PrefabParentObject: {fileID: 0}
  m_PrefabInternal: {fileID: 100100000}
  m_GameObject: {fileID: 1006237800664780}
  m_Enabled: 1
  m_EditorHideFlags: 0
  m_Script: {fileID: 11500000, guid: 948f4100a11a5c24981795d21301da5c, type: 3}
  m_Name: 
  m_EditorClassIdentifier: 
  volumeTrigger: {fileID: 4961432591023052}
  volumeLayer:
    serializedVersion: 2
    m_Bits: 256
  stopNaNPropagation: 1
  antialiasingMode: 0
  temporalAntialiasing:
    jitterSpread: 0.75
    sharpness: 0.25
    stationaryBlending: 0.95
    motionBlending: 0.85
  fastApproximateAntialiasing:
    fastMode: 0
    keepAlpha: 0
  fog:
    enabled: 1
    excludeSkybox: 1
  debugLayer:
    lightMeter:
      width: 512
      height: 256
      showCurves: 1
    histogram:
      width: 512
      height: 256
      channel: 3
    waveform:
      exposure: 0.12
      height: 256
    vectorscope:
      size: 256
      exposure: 0.12
    overlaySettings:
      motionColorIntensity: 4
      motionGridSize: 64
      colorBlindnessType: 0
      colorBlindnessStrength: 1
  m_Resources: {fileID: 11400000, guid: d82512f9c8e5d4a4d938b575d47f88d4, type: 2}
  m_ShowToolkit: 1
  m_ShowCustomSorter: 1
  breakBeforeColorGrading: 0
  m_BeforeTransparentBundles: []
  m_BeforeStackBundles: []
  m_AfterStackBundles: []
--- !u!124 &124007119993091236
Behaviour:
  m_ObjectHideFlags: 1
  m_PrefabParentObject: {fileID: 0}
  m_PrefabInternal: {fileID: 100100000}
  m_GameObject: {fileID: 1006237800664780}
  m_Enabled: 1
--- !u!167 &167569697063774818
AudioReverbZone:
  m_ObjectHideFlags: 1
  m_PrefabParentObject: {fileID: 0}
  m_PrefabInternal: {fileID: 100100000}
  m_GameObject: {fileID: 1006237800664780}
  m_Enabled: 1
  m_MinDistance: 15
  m_MaxDistance: 30
  m_ReverbPreset: 23
  m_Room: -1000
  m_RoomHF: -4000
  m_DecayTime: 1.49
  m_DecayHFRatio: 0.1
  m_Reflections: -449
  m_ReflectionsDelay: 0.007
  m_Reverb: 1700
  m_ReverbDelay: 0.011
  m_HFReference: 5000
  m_Diffusion: 100
  m_Density: 100
  m_LFReference: 250
  m_RoomLF: 0
